Map: 어비설 리프 - 래더

Players

MaNa - Winner!

  • Race: Protoss Protoss
  • Spawn Location: 5:00

GuMiho

  • Race: Terran Terran
  • Spawn Location: 11:00

Event: IEM XI Katowice - World Championship 2017

VOD

Have the link to the VOD?

Description

Time

  • Played on: March 3, 2017, 7:01 a.m.
  • Length: 12:00

All games in this series

Show
View Real Time Build Order
Export as new Build Order

MaNa Protoss - Winner!

Build Orders: 1 Gate Expand 

Get SALT Encoding   

  12  0:00  Probe (Chrono Boost)  
  13  0:11  Probe (Chrono Boost)  
  14  0:17  Pylon  
  14  0:21  Probe (Chrono Boost)  
  16  0:35  Probe (Chrono Boost)  
  16  0:36  Gateway  
  16  0:46  Probe (Chrono Boost)  
  16  0:47  Assimilator  
  17  0:56  Probe (Chrono Boost)  
  18  1:07  Probe (Chrono Boost)  
  19  1:19  Nexus  
  19  1:29  Cybernetics Core  
  19  1:33  Probe (Chrono Boost)  
  20  1:41  Assimilator  
  20  1:43  Probe (Chrono Boost)  
  21  1:52  Pylon  
  22  1:54  Probe (Chrono Boost)  
  22  2:02  Warp Gate  
  22  2:05  Probe (Chrono Boost)  
  22  2:07  Adept  
  25  2:17  Probe (Chrono Boost)  
  28  2:30  Mothership Core (Chrono Boost)  
  28  2:31  Probe (Chrono Boost)  
  28  2:37  Adept  
  31  2:41  Probe (Chrono Boost)  
  32  2:48  Probe (Chrono Boost)  
  33  2:52  Probe (Chrono Boost)  
  33  2:53  Robotics Facility  
  35  2:59  Probe (Chrono Boost)  
  35  3:03  Probe (Chrono Boost)  
  36  3:11  Gateway  
  36  3:12  Probe (Chrono Boost)  
  37  3:13  Probe (Chrono Boost)  
  37  3:19  Gateway  
  38  3:24  Probe x2 (Chrono Boost)  
  38  3:25  Adept  
  42  3:35  Probe (Chrono Boost)  
  42  3:36  Twilight Council, Probe (Chrono Boost)  
  42  3:38  Observer  
  45  3:41  Assimilator  
  45  3:43  Assimilator  
  45  3:47  Probe (Chrono Boost)  
  46  3:50  Pylon  
  46  3:54  Pylon  
  46  4:05  Observer  
  46  4:08  Probe (Chrono Boost)  
  49  4:10  Probe (Chrono Boost)  
  49  4:13  Stalker x2  
  49  4:15  Stalker  
  55  4:17  Blink  
  55  4:19  Probe (Chrono Boost)  
  55  4:22  Probe (Chrono Boost)  
  57  4:29  Probe (Chrono Boost)  
  58  4:34  Probe (Chrono Boost)  
  58  4:35  Warp Prism  
  58  4:40  Probe (Chrono Boost)  
  58  4:42  Pylon  
  62  4:46  Probe (Chrono Boost)  
  62  4:57  Robotics Bay  
  62  5:00  Probe (Chrono Boost)  
  62  5:05  Probe (Chrono Boost)  
  64  5:11  Probe (Chrono Boost)  
  64  5:14  Stalker x3  
  70  5:23  Pylon  
  70  5:27  Pylon  
  70  5:36  Gateway  
  70  5:40  Disruptor  
  70  5:42  Probe (Chrono Boost)  
  72  5:43  Probe (Chrono Boost)  
  72  5:44  Gravitic Drive  
  75  5:52  Stalker x3  
  81  5:57  Gateway  
  81  6:02  Gateway  
  81  6:09  Probe x2 (Chrono Boost)  
  83  6:11  Disruptor  
  83  6:17  Pylon  
  86  6:28  Pylon  
  86  6:30  Pylon  
  86  6:42  Disruptor, Stalker x3  
  93  6:58  Resonating Glaives  
  93  7:07  Adept x2, Stalker  
  93  7:08  Stalker x3  
  105  7:17  Disruptor  
  105  7:31  Stalker x2  
  105  7:35  Pylon  
  109  7:37  Pylon  
  109  7:46  Forge  
  109  7:47  Nexus, Forge  
  109  7:49  Pylon  
  109  7:50  Pylon  
  109  8:03  Disruptor  
  106  8:14  Stalker x2  
  106  8:15  Protoss Ground Weapons Level 1, Stalker x3  
  106  8:16  Protoss Ground Armor Level 1  
  113  8:36  Sentry  
  113  8:37  Sentry  
  113  8:39  Observer  
  120  8:48  Probe x2 (Chrono Boost)  
  113  9:07  Stalker x3  
  113  9:08  Zealot x3  
  123  9:12  Probe x2 (Chrono Boost)  
  123  9:19  Probe (Chrono Boost)  
  123  9:24  Probe x2 (Chrono Boost)  
  119  9:34  Adept x2  
  119  9:41  Adept x3  
  113  9:58  Adept x3  
  113  10:02  Probe (Chrono Boost)  
  113  10:03  Probe (Chrono Boost)  
  85  10:16  Probe (Chrono Boost)  
  85  10:19  Stalker x4  
  85  10:20  Stalker  
  91  10:25  Probe (Chrono Boost)  
  91  10:26  Probe (Chrono Boost)  
  87  10:29  Disruptor  
  90  10:45  Adept x3  
  90  10:46  Adept x2  
  98  11:10  Adept x2  
  98  11:11  Adept x4  
  99  11:26  Probe (Chrono Boost)  
  88  11:36  Stalker x6  
  97  11:43  Probe (Chrono Boost)  
Show
View Real Time Build Order
Export as new Build Order

GuMiho Terran 

Build Orders: Reaper Expand, MMM Bio 

Get SALT Encoding   

  12  0:00  SCV  
  13  0:12  SCV  
  14  0:17  Supply Depot  
  14  0:24  SCV  
  15  0:28  Refinery  
  15  0:38  SCV  
  16  0:44  Barracks  
  16  0:51  SCV  
  17  1:03  SCV  
  18  1:15  SCV  
  19  1:31  Reaper, Orbital Command  
  20  1:43  Command Center  
  20  1:54  Factory  
  20  1:57  SCV  
  21  2:02  Refinery  
  21  2:07  Barracks Reactor  
  21  2:10  SCV  
  21  2:14  Supply Depot  
  22  2:22  SCV  
  23  2:36  SCV  
  24  2:39  Starport  
  24  2:40  Widow Mine  
  26  2:45  Marine x2  
  26  2:48  SCV  
  29  2:55  Orbital Command  
  29  3:00  SCV  
  29  3:02  Marine  
  29  3:03  Marine  
  32  3:10  Widow Mine  
  32  3:12  SCV  
  35  3:18  Medivac  
  36  3:21  SCV  
  36  3:22  Marine  
  36  3:23  Marine  
  36  3:24  SCV  
  40  3:28  Supply Depot  
  40  3:33  SCV  
  41  3:36  SCV  
  41  3:38  Barracks  
  41  3:39  Factory Tech Lab  
  42  3:45  Marine x2  
  42  3:47  SCV  
  45  3:48  SCV  
  45  3:54  Supply Depot  
  46  3:59  SCV  
  46  4:00  SCV  
  46  4:01  Siege Tank  
  51  4:09  Engineering Bay  
  51  4:12  SCV  
  51  4:13  SCV  
  51  4:14  Supply Depot, Marine  
  51  4:16  Marine  
  55  4:24  Barracks Tech Lab  
  55  4:27  SCV, Barracks  
  55  4:28  SCV  
  57  4:36  Marine x2  
  57  4:37  Siege Tank  
  62  4:39  SCV  
  62  4:43  Stimpack  
  62  4:45  Missile Turret  
  63  4:47  SCV  
  63  4:48  Marine  
  63  4:52  Supply Depot  
  65  4:59  Marine x2  
  67  5:04  SCV x2  
  67  5:13  Starport Reactor  
  68  5:16  SCV x2  
  68  5:19  Refinery  
  68  5:20  Supply Depot, Factory Reactor  
  68  5:21  Marauder, Refinery  
  71  5:22  Supply Depot, Marauder  
  71  5:24  Combat Shields  
  71  5:28  Marine x2  
  75  5:31  Supply Depot  
  75  5:35  SCV x2  
  77  5:37  Terran Infantry Weapons Level 1  
  77  5:42  Marauder  
  79  5:43  Marauder  
  79  5:45  Supply Depot  
  79  5:49  Marine x2  
  83  5:51  Medivac  
  85  6:00  Medivac  
  87  6:06  SCV x2  
  87  6:07  Supply Depot  
  87  6:08  Supply Depot  
  87  6:11  Marine x2  
  89  6:14  Widow Mine x2, Marauder x2  
  97  6:18  SCV x2  
  99  6:32  Marine x2  
  99  6:37  Marauder x2  
  103  6:42  Medivac x2  
  103  6:43  SCV x2  
  108  6:49  Concussive Shells, Widow Mine x2  
  111  6:56  Command Center  
  111  6:59  Supply Depot  
  111  7:01  Barracks  
  111  7:02  Barracks  
  111  7:07  Supply Depot, Marauder  
  113  7:08  Marine  
  113  7:09  Marine  
  114  7:20  Marauder  
  115  7:24  Medivac x2  
  115  7:25  Widow Mine x2  
  115  7:28  Marauder  
  114  7:31  Terran Infantry Armor Level 1  
  114  7:42  Marine x2, Marauder  
  118  7:45  SCV x2  
  118  7:50  Marauder  
  118  7:51  Supply Depot, Barracks Tech Lab  
  122  7:54  Supply Depot  
  118  8:00  Marine  
  118  8:02  Barracks Reactor  
  118  8:04  Marauder  
  105  8:11  Marauder  
  103  8:19  Marine x2, Marauder  
  96  8:25  Marauder  
  96  8:26  Widow Mine x2, Medivac  
  101  8:28  Medivac  
  101  8:32  Marauder  
  104  8:35  Orbital Command  
  104  8:36  Marine  
  104  8:37  Marine  
  104  8:40  Marauder  
  108  8:43  Marine x2  
  108  8:46  Marauder  
  112  8:54  Marine x2, Marauder  
  102  9:01  Marine x2  
  102  9:02  Marauder  
  106  9:06  Medivac x2  
  106  9:08  Marauder  
  106  9:12  Marine x2  
  106  9:15  Marauder  
  108  9:19  Marine x2  
  108  9:22  Armory  
  108  9:23  Marauder  
  112  9:24  Engineering Bay  
  112  9:27  Widow Mine  
  112  9:28  Widow Mine  
  112  9:29  Marauder  
  112  9:30  Marine x2  
  120  9:36  Marine x2, SCV x3  
  120  9:37  Marauder  
  125  9:45  Marauder  
  124  9:48  Marine x2  
  124  9:51  Marauder  
  110  9:54  Marine x2  
  110  9:58  Marauder  
  89  10:06  Marine x2, Marauder  
  80  10:12  Marine x2, Widow Mine x2, Marauder  
  80  10:14  Medivac x2  
  85  10:19  Marauder  
  78  10:23  Marine x2  
  78  10:27  Marauder  
  78  10:30  Marine x2  
  78  10:33  Marauder  
  75  10:41  Marine x2, Marauder  
  75  10:42  Widow Mine  
  67  10:43  Widow Mine  
  67  10:48  Marine x2  
  67  10:49  Marauder  
  71  10:54  Marine  
  72  10:59  Marine x2  
  72  11:02  Marine  
  71  11:05  Marine  
  71  11:06  Marine  
  71  11:10  Marine  
  71  11:12  Marine  
  65  11:20  Marauder  
  59  11:28  Marine  
  59  11:30  Marine x2, Marauder  
  59  11:31  Marine x2  

Tags
 
Add a new tag
Caveats
  • Supply blocks, unpowered buildings, or Contaminate may cause inaccurate times.
  • Supply counts are checked every 10 seconds.